 Dungeon Crawl Stone Soup version 0.30.1-11-g7821555f0a (webtiles) character file.

Game seed: 7737372889924903499

1460 Cheops the Firebug (level 8, -2/44 (46) HPs)
             Began as an Octopode Fire Elementalist on Dec 4, 2023.
             Was an Initiate of Vehumet.
             Slain by a wight
             ... wielding a +4 flail of freezing
              (4 damage)
             ... on level 7 of the Dungeon on Dec 5, 2023.
             The game lasted 00:20:23 (7511 turns).

Cheops the Firebug (Octopode Fire Elementalist)     Turns: 7511, Time: 00:20:23

HP:   -2/44 (46)    AC:  1    Str:  8    XL:     8   Next: 76%
MP:   3/15          EV: 13    Int: 31    God:    Vehumet [......]
Gold: 246           SH:  0    Dex: 12    Spells: 4/17 levels left

rFire   + . .        b - staff of fire {!a}
rCold   . . .        (no shield)
rNeg    . . .        (helmet restricted)
rPois   .            i - amulet of regeneration
rElec   .            v - +6 ring of intelligence
rCorr   .            y - +6 ring of intelligence
SInv    .            (no ring)
Will    .....        (no ring)
Stlth   +++          (no ring)
HPRegen 1.07/turn    (no ring)
MPRegen 0.14/turn    (no ring)
                     (no ring)

%: no passive effects
@: lightly drained
A: almost no armour, amphibious, 8 rings, camouflage 1, gelatinous body 1,
(nimble swimmer 1), tentacles
a: Renounce Religion


You were on level 7 of the Dungeon.
You worshipped Vehumet.
Vehumet was noncommittal.
You visited 2 branches of the dungeon, and saw 8 of its levels.
You also visited: Sewer.

You collected 396 gold pieces.
You spent 150 gold pieces at shops.

Inventory:

Hand Weapons
 a - a +1 dagger of venom
Armour
 B - a +0 buckler
Magical Staves
 b - a staff of fire (weapon) {!a}
 c - a staff of death
Jewellery
 i - an amulet of regeneration (around mantle)
 v - a +6 ring of intelligence (left tentacle)
 y - a +6 ring of intelligence (right tentacle)
Wands
 r - a wand of mindburst (17)
 D - a wand of iceblast (4)
 J - a wand of flame (11)
Scrolls
 g - 2 scrolls of fog
 h - a scroll of poison
 m - a scroll of torment
 p - 6 scrolls of vulnerability
 s - a scroll of butterflies
 u - 5 scrolls of teleportation {unknown}
 x - 2 scrolls of fear {unknown}
 z - 2 scrolls of enchant weapon {unknown}
 A - 2 scrolls of amnesia {unknown}
 C - a scroll of immolation {unknown}
 E - a scroll of magic mapping
 F - 2 scrolls of enchant armour {unknown}
Potions
 d - 4 potions of lignification {unknown}
 e - 2 potions of berserk rage {unknown}
 f - 3 potions of attraction {unknown}
 j - 4 potions of mutation {unknown}
 k - a potion of haste {unknown}
 l - 2 potions of cancellation {unknown}
 n - 2 potions of degeneration {unknown}
 o - a potion of magic
 q - a potion of resistance {unknown}
 t - 3 potions of brilliance {unknown}
 w - 5 potions of curing {unknown}
 G - a potion of invisibility {unknown}
 K - a potion of might {unknown}
 L - a potion of heal wounds {unknown}
 M - a potion of flight {unknown}


   Skills:
 - Level 2.0 Dodging
 - Level 2.6 Stealth
 + Level 5.0 Spellcasting
 - Level 6.1 Conjurations
 - Level 6.1 Fire Magic
 - Level 4.0 Ice Magic


You had 4 spell levels left.
You knew the following spells:

 Your Spells              Type           Power      Damage    Failure   Level
a - Foxfire               Conj/Fire      100%       2x1d9     1%          1
b - Magic Dart            Conj           100%       1d8       1%          1
h - Hailstorm             Conj/Ice       39%        3d9       1%          3
r - Searing Ray           Conj           92%        2d7       1%          2
s - Scorch                Fire           100%       2d9       1%          2
w - Flame Wave            Conj/Fire      62%        2d14      4%          4

Your spell library contained the following spells:

 Spells                   Type           Power      Damage    Failure   Level
 Freeze                   Ice            100%       1d10      1%          1
 Frozen Ramparts          Ice            64%        1d10      3%          3
 Inner Flame              Hex/Fire       40%        N/A       4%          3
 Volatile Blastmotes      Fire/Tloc      80%        2d16      4%          3
 Fulminant Prism          Conj/Hex       13%        3d9       16%         4


Dungeon Overview and Level Annotations

Branches:
Dungeon (7/15)             Temple (1/1) D:6           Sewer (visited)

Altars:
Ashenzari
Cheibriados
Dithmenos
Elyvilon
Fedhas
Gozag
Hepliaklqana
Kikubaaqudgha
Makhleb
Nemelex Xobeh
Okawaru
Qazlal
Ru
Sif Muna
Vehumet
Xom
Zin
The Shining One

Shops:
D:3 *

Annotations:
D:6 2 transporters, hawkwood's ghost, novice DgAr


Innate Abilities, Weirdness & Mutations

You cannot wear most types of armour.
You are amphibious.
You can wear up to eight rings at the same time.
Your skin changes colour to match your surroundings (Stealth+).
Your rubbery body absorbs attacks. (AC +1, EV +1)
((You are camouflaged when in or above water. (Stealth+)))
You have tentacles for arms and can constrict up to eight enemies at once.


Message History

The wight misses you.
The searing ray hits the wight but does no damage.
The wight is almost destroyed.
The searing ray hits the wight.
The wight is heavily damaged.
The searing ray hits the wight.
The wight is lightly damaged.
A wight comes into view. It is wielding a +4 flail of freezing.
The wight hits you with a +0 hand axe.
* * * LOW HITPOINT WARNING * * *
Casting: Searing Ray (safe; 1% risk of failure)
Confirm with . or Enter, or press ? or * to list all spells.
Restarting spell: Searing Ray (safe; 1% risk of failure)
Press: ? - help, Shift-Dir - straight line, f/p - wight
Aim: a wight, wielding a +0 hand axe and wearing a +0 robe (almost destroyed, 82% to hit)
The searing ray hits the wight.
You destroy the wight!
Vehumet accepts your kill.
The searing ray hits the wight!
You destroy the wight!
Vehumet accepts your kill.
The searing ray hits the wight.
The wight is moderately damaged. (Press . to maintain the ray.)
Your life force feels restored.
Your Spellcasting skill increases to level 5!
The searing ray hits the wight.
The wight is lightly damaged.
The searing ray hits the wight.
The wight is heavily damaged.
The searing ray hits the wight but does no damage.
The wight is lightly damaged.
The searing ray hits the wight.
The wight is almost destroyed.
The wight hits you with a +4 flail of freezing!
* * * LOW HITPOINT WARNING * * *
You feel drained.
* * * LOW HITPOINT WARNING * * *
The wight freezes you.
You die...

#.# #.#
#.#######
..#
#.......#
###
#######.#
#.# #.#
#.###
#...#
###@# #z#
#z# ...
..# #..#
#..# #..#


You could see 2 wights.

Vanquished Creatures
  Sigmund (D:3)
  Pargi (Sewer)
  2 ogres (D:6)
  2 phantoms
  A gnoll sergeant (D:6)
  2 scorpions
  2 wights (D:7)
  4 hounds
  4 orc wizards
  An iguana (D:5)
  5 gnolls (D:6)
  11 adders
  2 river rats (D:5)
  A shadow imp (D:7)
  4 ufetubi (D:5)
  4 worms
  5 dart slugs
  20 orcs
  10 endoplasms
  7 giant cockroaches
  7 goblins
  9 hobgoblins
  2 jackals (Sewer)
  6 kobolds
  4 quokkas
  10 ball pythons
  9 bats
  7 frilled lizards
  12 rats
155 creatures vanquished.

Vanquished Creatures (others)
  404 foxfires
404 creatures vanquished.

Grand Total: 559 creatures vanquished

Notes
Turn   | Place    | Note
-------+----------+-------------------------------------------
     0 | D:1      | Cheops the Octopode Fire Elementalist began the quest for
                  | the Orb.
     0 | D:1      | Reached XP level 1. HP: 11/11 MP: 3/3
   174 | D:1      | Reached XP level 2. HP: 17/17 MP: 1/5
   603 | D:1      | You fall into a shaft and drop 1 floor!
   678 | D:2      | Reached XP level 3. HP: 15/21 MP: 0/6
  1002 | D:2      | Reached XP level 4. HP: 27/27 MP: 2/8
  1819 | D:1      | Learned a level 2 spell: Scorch
  1821 | D:1      | Learned a level 1 spell: Magic Dart
  1824 | D:1      | Learned a level 2 spell: Searing Ray
  2351 | D:3      | Reached XP level 5. HP: 23/31 MP: 4/9
  2421 | D:3      | Identified the +1 cloak "Teset" {rC+ Regen+}
  2570 | D:3      | Found a sparkling altar of Nemelex Xobeh.
  2572 | D:3      | Found a snail-covered altar of Cheibriados.
  2572 | D:3      | Noticed Sigmund
  2599 | D:3      | Killed Sigmund
  2600 | D:3      | Reached XP level 6. HP: 9/36 MP: 3/12
  3190 | D:3      | Found Cocikkat's Assorted Antiques.
  3195 | D:3      | Bought a glowing bone ring for 95 gold pieces
  3195 | D:3      | Bought a scroll labelled HIVVIUTWUDGH for 19 gold pieces
  3195 | D:3      | Bought a scroll labelled HIVVIUTWUDGH for 19 gold pieces
  3195 | D:3      | Bought a clear potion for 17 gold pieces
  4070 | D:4      | Found a shimmering blue altar of Sif Muna.
  4174 | D:4      | Reached XP level 7. HP: 41/41 MP: 10/13
  4521 | D:4      | Learned a level 4 spell: Flame Wave
  4543 | D:5      | Entered Level 5 of the Dungeon
  4778 | D:5      | Reached skill level 5 in Fire Magic
  4795 | D:5      | Reached skill level 5 in Conjurations
  4946 | D:5      | Found a glowing golden altar of the Shining One.
  5130 | D:5      | Found a glowing drain.
  5134 | Sewer    | Entered a sewer
  5198 | Sewer    | Noticed Pargi
  5209 | Sewer    | Killed Pargi
  5341 | D:5      | Learned a level 3 spell: Hailstorm
  5361 | D:5      | Reached skill level 1 in Ice Magic
  5451 | D:5      | Found a blossoming altar of Fedhas.
  5691 | D:5      | Found a glowing golden altar of the Shining One.
  5835 | D:5      | Found a blossoming altar of Fedhas.
  6092 | D:6      | Found a transporter.
  6308 | D:6      | Reached XP level 8. HP: 46/46 MP: 10/14
  6424 | D:6      | Found a transporter.
  6587 | D:6      | Found a staircase to the Ecumenical Temple.
  6590 | D:6      | Noticed hawkwood's ghost (novice DgAr)
  7055 | Temple   | Entered the Ecumenical Temple
  7094 | Temple   | Became a worshipper of Vehumet
  7510 | D:7      | Reached skill level 5 in Spellcasting
  7511 | D:7      | HP: 2/44 [wight/+4 flail of freezing (5)]
  7511 | D:7      | Slain by a wight

Illustrated notes

Levels and vault maps discovered:
D:1:      lightli_arrival_chessboard, layout_basic, serial_aquarium,
          aquarium_bridge_long_separate [aquarium_subvault_bridge,
          aquarium_subvault_bridge, aquarium_subvault_wall,
          aquarium_subvault_wall, aquarium_subvault_bridge,
          aquarium_subvault_wall], aquarium_window_fake, aquarium_window_3,
          aquarium_view_2e, aquarium_view_4, aquarium_balcony_1a,
          grunt_decor_fettered, minmay_pentomino_u2
D:2:      layout_rooms, st_stairs_14
D:3:      layout_loops_ring, jmf_multi_god_temple, serial_shops,
          nicolae_shop_tiny_waterfront, uniq_sigmund
D:4:      layout_loops_ring, lemuel_blue_sif_altar
D:5:      layout_basic, fedhas_altar_fruit_tree, lemuel_tele_altar,
          gup_sewer_entry_bowl
D:6:      layout_basic, temple_fountains, gammafunk_ghost_stat_death
D:7:      layout_loops_ring, trog_hazing_becter
Temple:   nicolae_temple_ecumenical_triangle

Skill      XL: |  1  2  3  4  5  6  7  8 |
---------------+-------------------------+-----
Conjurations   | 2 3 4 5 6 |  6.1
Spellcasting   | 3 4 5 |  5.0
Fire Magic     | 4 5 6 |  6.1
Ice Magic      | 3 4 |  4.0
Dodging        | |  2.0
Stealth        | |  2.6

Action                     |  1- 3 |  4- 6 |  7- 9 || total
---------------------------+-------+-------+-------++-------
  Melee: Unarmed           |    11 |     5 |       ||    16
         Constrict         |     5 |     9 |     5 ||    19
         Tentacles         |     1 |    12 |     4 ||    17
         Punch             |     1 |       |       ||     1
         Staff             |       |    25 |    18 ||    43
   Cast: Foxfire           |    57 |   116 |    59 ||   232
         Scorch            |       |       |    19 ||    19
         Searing Ray       |       |       |     6 ||     6
         Magic Dart        |       |       |     3 ||     3
         Flame Wave        |       |       |     2 ||     2
         Hailstorm         |       |       |     1 ||     1
    Use: Scroll            |       |     4 |     4 ||     8
   Stab: Sleeping          |     1 |     3 |     1 ||     5
 Armour: Skin              |     2 |     4 |     3 ||     9
  Dodge: Dodged            |    16 |    29 |    26 ||    71
